 Dungeon Crawl Stone Soup version 0.30-a0-576-g89cddaab80 (webtiles) character file.

Game seed: 1951525964330309144

9895 wilfster70 the Thaumaturge (level 11, 0/81 HPs)
             Began as a Djinni Conjurer on Dec 30, 2022.
             Was a Believer of Makhleb.
             Slain by a blink frog (13 damage)
             ... on level 1 of the Lair of Beasts.
             The game lasted 00:37:04 (13755 turns).

wilfster70 the Thaumaturge (Djinni Conjurer)       Turns: 13755, Time: 00:37:04

Health: 0/81       AC: 15    Str:  6    XL:     11   Next: 82%
Gold:   614        EV: 11    Int: 24    God:    Makhleb [**....] SH:  5 Dex: 12

rFire   + + .      SeeInvis .    a - +2 trident (venom)
rCold   x . .      Faith    .    j - +0 buckler {reflect}
rNeg    . . .      Spirit   .    q - +0 steam dragon scales
rPois   ∞          Reflect  +    i - +2 helmet
rElec   .          Harm     .    z - +1 cloak
rCorr   .          Rampage  .    f - +0 pair of gloves
Will    +....                    (boots unavailable)
Stlth   ++                       (no amulet)
HPRegen 0.33/turn                e - ring of wizardry
MPRegen 0.00/turn                h - +4 ring of protection

@: flying
A: sickness immunity, fire resistance 2, cold vulnerability 1, float, innate
caster, HP casting, extra vitality 1
a: Renounce Religion, Minor Destruction


You were on level 1 of the Lair of Beasts.
You worshipped Makhleb.
Makhleb was pleased with you.
You visited 3 branches of the dungeon, and saw 13 of its levels.
You also visited: Sewer.

You collected 713 gold pieces.
You spent 99 gold pieces at shops.

Inventory:

Hand Weapons
 a - a +2 trident of venom (weapon)
 b - a +0 sling of flaming
Armour
 f - a +0 pair of gloves (worn)
 i - a +2 helmet (worn)
 j - a +0 buckler of reflection (worn)
 q - +0 steam dragon scales (worn)
 z - a +1 cloak (worn)
Jewellery
 e - a ring of wizardry (left hand)
 h - a +4 ring of protection (right hand)
 y - a +6 ring of dexterity
Wands
 v - a wand of flame (18)
Scrolls
 m - 5 scrolls of teleportation
 n - 3 scrolls of fog
 o - a scroll of fear
 r - a scroll of identify
 s - a scroll of blinking
 t - a scroll of poison
 x - 2 scrolls of immolation
Potions
 c - 2 potions of heal wounds
 g - 2 potions of brilliance
 k - 2 potions of berserk rage
 l - 2 potions of might
 p - a potion of curing
 u - 2 potions of attraction


   Skills:
 - Level 8.0 Fighting
 - Level 6.0 Polearms
 - Level 2.1 Dodging
 - Level 1.5 Stealth
 - Level 4.0 Shields
 - Level 10.0 Spellcasting
 - Level 6.0 Invocations
 + Level 0.7 Evocations


You had 3 spell levels left.
You knew the following spells:

 Your Spells              Type           Power      Damage    Failure   Level
a - Magic Dart            Conj           100%       1d8       1%          1
b - Searing Ray           Conj           100%       2d8       1%          2
c - Dazzling Flash        Conj/Hex       100%       N/A       1%          3
d - Fulminant Prism       Conj/Hex       28%        3d14      1%          4
e - Iskenderun's Mystic   Conj/Tloc      56%        2d12      1%          4
f - Slow                  Hex            100%       N/A       1%          1
g - Wereblood             Tmut           56%        N/A       1%          2
h - Ensorcelled Hibernat  Hex/Ice        100%       N/A       1%          2
i - Flame Wave            Conj/Fire      56%        2d13      1%          4
j - Sticky Flame          Conj/Fire      56%        2d7       1%          4
Your spell library was empty.

Dungeon Overview and Level Annotations

Branches:
Dungeon (11/15)            Temple (1/1) D:4            Lair (1/5) D:10
  Sewer (visited)
    Orc: D:9-12

Altars:
Ashenzari
Cheibriados
Dithmenos
Elyvilon
Fedhas
Gozag
Hepliaklqana
Makhleb
Nemelex Xobeh
Okawaru
Qazlal
Ru
Trog
Uskayaw
Wu Jian
Xom
Yredelemnul
Zin
The Shining One

Shops:
D:4 (?([   D:5 *   D:9 :   D:10 :[

Annotations:
D:5 Sigmund


Innate Abilities, Weirdness & Mutations

You are immune to sickness and miasma.
You are immune to poison.
Your flesh is very heat resistant. (rF++)
You are vulnerable to cold. (rC-)
You float through the air rather than walking.
You learn spells naturally, not from books.
Your magical power is your life essence.
You have superior vitality. (+4 MHP)


Message History

The blink frog is moderately wounded.
The blink frog hits you but does no damage.
The blink frog blinks!
A blink frog comes into view.
The blink frog hits you but does no damage.
You closely miss the blink frog.
The blink frog is moderately wounded.
The blink frog hits you but does no damage.
The blink frog closely misses you.
You closely miss the blink frog.
The blink frog is moderately wounded.
The blink frog blinks!
The blink frog closely misses you. You block the blink frog's attack.
You closely miss the blink frog.
The blink frog is moderately wounded.
The blink frog hits you!
The blink frog blinks!
The blink frog hits you but does no damage.
The blink frog blinks!
The blink frog hits you!
* * * LOW HITPOINT WARNING * * *
Casting: Iskenderun's Mystic Blast (safe; 1% risk of failure)
Confirm with . or Enter, or press ? or * to list all spells.
You erupt in a blast of force!
The mystic blast hits the fungus!
The fungus begins to die.
The fungus is lightly damaged.
The mystic blast hits the blink frog!
The blink frog is almost dead.
The blink frog is knocked back by the mystic blast.
The mystic blast hits the blink frog!!
The blink frog is severely wounded.
The blink frog is knocked back by the mystic blast.
The mystic blast hits the blink frog!
The blink frog is moderately wounded.
The blink frog is knocked back by the mystic blast.
The blink frog slams into the rock wall!
The blink frog is severely wounded.
* * * LOW HITPOINT WARNING * * *
You hear a bellow!
The blink frog blinks!
The blink frog hits you!
You die...

### ### ###### ###
######[###.###P#.P######.####
#.......#................<.P#
#........†...........†......##
#........##..(.........#........
#...##.######....###..####.#....
....# ### #÷.FP# #### ####..#
.#.# ##§.## #..) ..# #.@# ###.
.# #F.## ## #...###
###.....#######
.##...F.....F...#
#......§...#.....##
..........#..F..[.####
.#.##P.#####.P#.F..#.# ## ####
####.....##


You could see 3 blink frogs.

Vanquished Creatures
  3 two-headed ogres
  A boulder beetle (D:10)
  Maurice (D:9)
  A black mamba (Lair:1)
  3 komodo dragons
  A polar bear (Lair:1)
  2 hornets
  7 yaks
  2 wyverns
  2 steam dragons
  A water moccasin (Lair:1)
  2 orc warriors
  3 sky beasts (D:7)
  2 black bears (D:6)
  2 ice beasts
  3 centaurs
  3 phantoms
  8 bullfrogs
  2 gnoll sergeants
  4 scorpions
  2 necrophages
  3 wights (D:9)
  9 killer bees
  A howler monkey (D:4)
  A hound (D:5)
  6 orc priests
  A gnoll bouda (D:10)
  Crazy Yiuf (D:4)
  2 jellies
  4 iguanas
  A merfolk siren (Sewer)
  5 orc wizards
  A merfolk avatar (Sewer)
  17 gnolls
  A river rat (Sewer)
  11 adders
  3 shadow imps
  6 worms
  29 orcs
  5 endoplasms
  6 giant cockroaches
  5 goblins
  15 hobgoblins
  10 jackals
  12 quokkas
  17 ball pythons
  4 bats
  9 frilled lizards
  9 kobolds
  25 rats
274 creatures vanquished.

Vanquished Creatures (others)
  An orc (D:10)
  21 fungi
  17 plants
39 creatures vanquished.

Grand Total: 313 creatures vanquished

Notes
Turn   | Place    | Note
-------+----------+-------------------------------------------
     0 | D:1      | wilfster70 the Djinni Conjurer began the quest for the Orb.
     0 | D:1      | wilfster70 set off with the following spells memorised:
                  | Magic Dart, Searing Ray, Dazzling Flash, Fulminant Prism,
                  | Iskenderun's Mystic Blast.
     0 | D:1      | Reached XP level 1. HP: 15/15 MP: 0/0
   187 | D:1      | Reached XP level 2. HP: 20/21 MP: 0/0
   475 | D:1      | Reached XP level 3. HP: 24/25 MP: 0/0
   475 | D:1      | Learned a level 1 spell: Slow
   625 | D:1      | Reached skill level 4 in Spellcasting
  1122 | D:2      | Reached XP level 4. HP: 27/31 MP: 0/0
  1730 | D:2      | Reached XP level 5. HP: 32/35 MP: 0/0
  1730 | D:2      | Learned a level 2 spell: Wereblood
  1742 | D:2      | You are sucked into a shaft and drop 2 floors!
  1780 | D:4      | Found Gedgh's Armour Emporium.
  1811 | D:4      | Bought a +0 buckler of reflection for 85 gold pieces
  1850 | D:4      | Found a glowing drain.
  1863 | Sewer    | Entered a sewer
  1982 | Sewer    | Reached skill level 1 in Shields
  2123 | Sewer    | Reached skill level 5 in Spellcasting
  2145 | Sewer    | Noticed a malarious merfolk avatar
  2155 | Sewer    | Reached XP level 6. HP: 19/40 MP: 0/0
  2424 | D:4      | Found a staircase to the Ecumenical Temple.
  2488 | D:4      | Found an opulent altar of Gozag.
  2490 | D:4      | Found a shimmering altar of Xom.
  2591 | D:4      | Found Kom Pumn's Weapon Shoppe.
  2813 | D:4      | Reached XP level 7. HP: 39/45 MP: 0/0
  2813 | D:4      | Learned a level 2 spell: Ensorcelled Hibernation
  2829 | Temple   | Entered the Ecumenical Temple
  2830 | Temple   | Noticed Tilus the pandemonium lord
  2830 | Temple   | Noticed Fierut the pandemonium lord
  2830 | Temple   | Noticed a balrug
  2830 | Temple   | Noticed a rust devil
  2855 | Temple   | Noticed a tormentor
  2863 | Temple   | Noticed Jitecux the pandemonium lord
  2865 | Temple   | Noticed an Ice Fiend
  2882 | Temple   | Noticed Beerphaesk the pandemonium lord
  2882 | Temple   | Noticed an Executioner
  2894 | Temple   | Noticed a soul eater
  2898 | Temple   | Noticed Kiumukof the pandemonium lord
  2915 | Temple   | Noticed Kownul the pandemonium lord
  2915 | Temple   | Noticed a hellwing
  3119 | D:4      | Found Ibaxynoq's Magic Scroll Shop.
  3125 | D:4      | Bought a scroll of noise for 14 gold pieces
  3311 | D:4      | Found Naintaru's Antique Weapon Shop.
  3357 | D:4      | Found a runed translucent door.
  3358 | D:4      | Noticed Crazy Yiuf
  3365 | D:4      | Killed Crazy Yiuf
  3664 | D:3      | Found a burning altar of Makhleb.
  4218 | D:5      | Entered Level 5 of the Dungeon
  4308 | D:5      | Reached skill level 6 in Spellcasting
  4615 | D:5      | Found Ezulymir's Assorted Antiques.
  4808 | D:5      | Found a white marble altar of Elyvilon.
  4808 | D:5      | Found a glowing golden altar of the Shining One.
  4815 | D:5      | Found a sacrificial altar of Ru.
  4818 | D:5      | Found a glowing silver altar of Zin.
  4820 | D:5      | Found a faded altar of an unknown god.
  4872 | D:5      | Reached XP level 8. HP: 44/50 MP: 0/0
  5615 | D:5      | Noticed Sigmund
  5750 | D:6      | Reached skill level 7 in Spellcasting
  5963 | D:6      | Found a sparkling altar of Nemelex Xobeh.
  6170 | D:6      | Noticed a two-headed ogre
  6190 | D:6      | Killed a two-headed ogre
  6191 | D:6      | Reached skill level 8 in Spellcasting
  6191 | D:6      | Reached XP level 9. HP: 3/62 MP: 0/0
  6191 | D:6      | Learned a level 4 spell: Flame Wave
  6479 | D:6      | Reached skill level 5 in Fighting
  8029 | D:7      | Found a basalt altar of Yredelemnul.
  8097 | D:7      | Reached XP level 10. HP: 69/76 MP: 0/0
  8250 | D:7      | Reached skill level 1 in Polearms
  8723 | D:3      | Became a worshipper of Makhleb the Destroyer
  9622 | D:9      | HP: 1/76 [orc/+2 hand axe of electrocution (8)]
  9910 | D:8      | Reached * piety under Makhleb
 10223 | D:9      | Noticed Maurice
 10395 | D:9      | Killed Maurice
 10396 | D:9      | Reached skill level 5 in Polearms
 10518 | D:9      | Found Maileedgh's Self-Improvement Boutique.
 11663 | D:10     | Entered Level 10 of the Dungeon
 11687 | D:10     | Noticed a komodo dragon
 11717 | D:10     | Killed a komodo dragon
 11718 | D:10     | Reached XP level 11. HP: 37/81 MP: 0/0
 11718 | D:10     | Learned a level 4 spell: Sticky Flame
 11882 | D:10     | Noticed a boulder beetle
 11967 | D:10     | Reached skill level 9 in Spellcasting
 12064 | D:10     | Noticed a two-headed ogre
 12080 | D:9      | Killed a two-headed ogre
 12238 | D:9      | Reached ** piety under Makhleb
 12400 | D:9      | Reached skill level 10 in Spellcasting
 12733 | D:10     | Reached skill level 1 in Invocations
 12784 | D:10     | Noticed a two-headed ogre
 12792 | D:10     | Killed a two-headed ogre
 13024 | D:10     | Killed a boulder beetle
 13139 | D:10     | Found a staircase to the Lair.
 13168 | D:10     | Found Olaekuen's Armour Boutique.
 13211 | D:10     | Found Seryboopn's Book Emporium.
 13329 | Lair:1   | Entered Level 1 of the Lair of Beasts
 13462 | Lair:1   | Reached skill level 5 in Invocations
 13755 | Lair:1   | Slain by a blink frog

Illustrated notes

Levels and vault maps discovered:
D:1:      eino_arrival_cavern_c, layout_rooms, amethyst_killhole
D:2:      layout_basic
D:3:      layout_rooms, overflow_temple_1_default, serial_rivers,
          chequers_serial_rivers_large_a, chequers_serial_rivers_large_b,
          chequers_serial_rivers_micro_d, chequers_serial_rivers_room_a,
          chequers_serial_rivers_room_b
D:4:      minmay_opposing_rooms, layout_rooms, jmf_multi_god_temple,
          minmay_temple_entry_offerings, cheibrodos_sewer_entry_sluice,
          serial_shops, nicolae_square_shop, nicolae_shop_trees, shop_coins,
          shop, uniq_crazy_yiuf_cottage
D:5:      mumra_celtic_spiral_tile, layout_basic,
          chequers_temple_overflow_minitemple, serial_shops,
          nicolae_shop_window_shopping, kennysheep_generic_room_13, uniq_sigmund
D:6:      layout_layer_cave, chequers_temple_overflow_statue_of_worship,
          nicolae_underground_beach
D:7:      layout_loops_corners, marbit_many_paths
D:8:      layout_rooms, roderic_serpentine_path, minmay_holes
D:9:      layout_basic, nicolae_shop_self_help, uniq_maurice
D:10:     layout_rooms, grunt_lair_entry_orc_guard_hut, serial_shops,
          kennysheep_mini_moat, nicolae_shop_behind_doors
D:11:     layout_loops_ring, david_orc_2, small_statue_alley_a
Temple:   nicolae_temple_panitentiary
Lair:1:   layout_concentric_octagons, nicolae_lair_liquid_snakes,
          grunt_megastairs_2

Skill      XL: |  1  2  3  4  5  6  7  8  9 10 11 |
---------------+----------------------------------+-----
Spellcasting   | 4 5 6 8 10 | 10.0
Shields        | 1 3 4 |  4.0
Fighting       | 4 7 8 |  8.0
Polearms       | 6 |  6.0
Invocations    | 6 |  6.0
Dodging        | |  2.1
Stealth        | |  1.5
Evocations     | |  0.7

Action                   |  1- 3 |  4- 6 |  7- 9 | 10-12 || total
-------------------------+-------+-------+-------+-------++-------
Melee: Flail             |     4 |       |       |       ||     4
       Trident           |       |    18 |     8 |   115 ||   141
 Fire: Sling             |       |       |    25 |       ||    25
 Cast: Magic Dart        |    37 |    63 |    37 |    17 ||   154
       Searing Ray       |    11 |    42 |    71 |    92 ||   216
       Slow              |     1 |       |       |       ||     1
       Iskenderun's Myst |       |       |       |    51 ||    51
       Ensorcelled Hiber |       |       |       |     1 ||     1
  Use: Scroll            |     3 |     3 |     8 |     7 ||    21
       Potion            |     1 |       |       |     5 ||     6
 Stab: Sleeping          |       |       |       |     1 ||     1
Armor: Robe              |     2 |    48 |    69 |    60 ||   179
       Steam dragon scal |       |       |       |    27 ||    27
Dodge: Dodged            |    14 |    97 |    68 |   112 ||   291
Block: Buckler           |       |       |    23 |    41 ||    64
       Reflection        |       |       |       |     3 ||     3

Table legend: (Time is in decaauts)
 A = Elapsed time spent in this place.
 B = Non-inter-level travel time spent in this place.
 C = Inter-level travel time spent in this place.
 D = Time resting spent in this place.
 E = Time spent auto-exploring this place.
 F = Levels seen in this place.
 G = Mean time per level.
                   A        B        C        D        E       F      G
               +--------+--------+--------+--------+--------+-----+--------+
         Total |  13793 |  13198 |    595 |   4021 |   5963 |  14 |  985.2 |
       Dungeon |  12690 |  12112 |    578 |   3546 |   5825 |  11 | 1153.6 |
        Temple |    122 |    106 |     16 |      0 |     29 |   1 |  122.0 |
          Lair |    426 |    426 |      0 |    260 |     46 |   1 |  426.0 |
         Sewer |    554 |    554 |      0 |    215 |     63 |   1 |  554.0 |
               +--------+--------+--------+--------+--------+-----+--------+

Top non-repeatable levels by time:
     D:9: 1989 daAuts
     D:6: 1753 daAuts
     D:5: 1554 daAuts
     D:8: 1430 daAuts
     D:7: 1320 daAuts
     D:4: 1146 daAuts
    D:10: 1006 daAuts
     D:2: 923 daAuts
     D:1: 878 daAuts
     D:3: 683 daAuts
   Sewer: 554 daAuts
  Lair:1: 426 daAuts
  Temple: 122 daAuts
    D:11: 4 daAuts
